 Dungeon Crawl Stone Soup version 0.27-a0-1136-g0b992a5a9d (webtiles) character file.

Game seed: 7349273096804048562

43 voltaire321 the Shield-Bearer (level 3, 0/33 HPs)
             Began as a Minotaur Fighter on May 5, 2021.
             Slain by Terence
             ... wielding a +1 vorpal hand axe
              (1 damage)
             ... on level 2 of the Dungeon.
             The game lasted 00:02:07 (1267 turns).

voltaire321 the Shield-Bearer (Minotaur Fighter)    Turns: 1267, Time: 00:02:07

Health: 0/33       AC:  7    Str: 20    XL:     3   Next: 37%
Magic:  2/2        EV:  7    Int:  6    God:
Gold:   27         SH:  9    Dex:  9    Spells: 2/2 levels left

rFire    . . .     SeeInvis .   a - +0 war axe
rCold    . . .     Faith    .   c - +0 kite shield
rNeg     . . .     Spirit   .   b - +0 scale mail
rPois    .         Reflect  .   (helmet restricted)
rElec    .         Harm     .   (no cloak)
rCorr    .         Rampage  .   (no gloves)
Will     .....                  (no boots)
Stlth    ..........             (no amulet)
HPRegen  0.11/turn              (no ring)
MPRegen  0.08/turn              (no ring)

@: no status effects
A: horns 2, retaliatory headbutt
a: no special abilities


You were on level 2 of the Dungeon.
You visited 1 branch of the dungeon, and saw 2 of its levels.

You collected 27 gold pieces.

Inventory:

Hand Weapons
 a - a +0 war axe (weapon)
Armour
 b - a +0 scale mail (worn)
 c - a +0 kite shield (worn)
Scrolls
 e - a scroll of amnesia {unknown}
 f - a scroll of vulnerability {unknown}
 g - a scroll of teleportation {unknown}
 h - a scroll of magic mapping {unknown}
Potions
 d - a potion of might
 i - a potion of curing {unknown}


   Skills:
 + Level 4.1 Fighting
 + Level 3.1 Axes
 + Level 4.1 Armour
 + Level 4.1 Shields


You had 2 spell levels left.
You didn't know any spells.
Your spell library was empty.

Dungeon Overview and Level Annotations

Branches:
Dungeon (2/15)

Altars:

Annotations:
D:2 Terence


Innate Abilities, Weirdness & Mutations

You have a pair of horns on your head.
You reflexively headbutt those who attack you in melee.


Message History

Terence asks, "Do you want it fast or slow?"
Terence hits you with a +1 vorpal hand axe.
Terence hits you with a +1 vorpal hand axe!
You barely miss Terence.
Terence is heavily wounded.
Terence hits you with a +1 vorpal hand axe.
You completely miss Terence.
Terence is heavily wounded.
You block Terence's attack. Terence hits you but does no damage.
Your shield prevents you from hitting Terence.
Terence is heavily wounded.
Terence screams, "I want your blood!" You block Terence's attack.
You hit Terence but do no damage. You headbutt Terence, but do no damage.
Terence is moderately wounded.
You block Terence's attack. x2
You hit Terence but do no damage. Your headbutt misses Terence.
Terence is moderately wounded.
Terence says, "You're history."
You block Terence's attack.
You barely miss Terence.
Terence is moderately wounded.
Terence hits you with a +1 vorpal hand axe. x2
* * * LOW HITPOINT WARNING * * *
You barely miss Terence.
Terence is moderately wounded.
Terence hits you with a +1 vorpal hand axe.
* * * LOW HITPOINT WARNING * * *
x2 Terence hits you with a +1 vorpal hand axe.
* * * LOW HITPOINT WARNING * * *
x2
There is a stone staircase leading up here.
You closely miss Terence. You headbutt Terence.
Terence is heavily wounded.
Terence closely misses you.
You hit Terence.
Terence is almost dead.
Terence hits you but does no damage.
Terence hits you with a +1 vorpal hand axe.
* * * LOW HITPOINT WARNING * * *
You die...

......... #........
#.... ....... . .....
#....[ .. .....
#.#.##... .....
#.(..$... #.#.#
###........ # #.#.#
#####.....##### #.
#.#.# #...@@#.#.#
#.#####.#.###.#####.#.#
.......#.)....# #.# #
#.#...###..#### #..
#.#..## ##.## #.#
#.#.## ##.# #.# #.#..##
#.## #.#
#.#...###.######
#......#.......###.


You could see Terence.

Vanquished Creatures
  A gnoll (D:1)
  A dart slug (D:1)
  2 endoplasms
  A goblin (D:1)
  3 hobgoblins (D:1)
  4 jackals (D:1)
  5 kobolds
  A quokka (D:1)
  7 ball pythons
  5 frilled lizards
  A rat (D:1)
31 creatures vanquished.

Notes
Turn   | Place    | Note
-------+----------+-------------------------------------------
     0 | D:1      | voltaire321 the Minotaur Fighter began the quest for the
                  | Orb.
     0 | D:1      | Reached XP level 1. HP: 19/19 MP: 0/0
   307 | D:1      | Reached XP level 2. HP: 25/27 MP: 1/1
   870 | D:1      | Reached XP level 3. HP: 33/33 MP: 2/2
  1252 | D:2      | Noticed Terence
  1267 | D:2      | HP: 1/33 [Terence/+1 vorpal hand axe (3)]
  1267 | D:2      | Slain by Terence

Illustrated notes

Levels and vault maps discovered:
D:1:      dpeg_arrival_water_temple_mockup, layout_loops_corners
D:2:      layout_loops_ring, serial_shops, nicolae_shop_trees,
          minmay_goblin_outpost, uniq_terence

Skill      XL: |  1  2 |
---------------+-------+-----
Fighting       | 4 |  4.1
Armour         | 4 |  4.1
Shields        | 4 |  4.1
Axes           | 3 |  3.1

Action                   || total
-------------------------++-------
Melee: War axe           ||    59
       Headbutt          ||     8
Armor: Scale mail        ||    24
Dodge: Dodged            ||    14
Block: Kite shield       ||    30

Table legend: (Time is in decaauts)
 A = Elapsed time spent in this place.
 B = Non-inter-level travel time spent in this place.
 C = Inter-level travel time spent in this place.
 D = Time resting spent in this place.
 E = Time spent auto-exploring this place.
 F = Levels seen in this place.
 G = Mean time per level.
                   A        B        C        D        E       F      G
               +--------+--------+--------+--------+--------+-----+--------+
         Total |   1299 |   1211 |     88 |      0 |   1024 |   2 |  649.5 |
       Dungeon |   1299 |   1211 |     88 |      0 |   1024 |   2 |  649.5 |
               +--------+--------+--------+--------+--------+-----+--------+

Top non-repeatable levels by time:
     D:1: 1210 daAuts
     D:2: 89 daAuts
